 Dungeon Crawl Stone Soup version 0.27-a0-531-gb72ec1a1b6 (webtiles) character file.

Game seed: 16168421886998297597

81270 sahdkjhfkaj the Unseen (level 15, 0/80 HPs)
             Began as a Vine Stalker Venom Mage on Mar 6, 2021.
             Was the Champion of Okawaru.
             Slain by a red ugly thing (9 damage)
             ... on level 14 of the Dungeon.
             The game lasted 00:44:41 (29866 turns).

sahdkjhfkaj the Unseen (Vine Stalker Venom Mage)   Turns: 29866, Time: 00:44:42

Health: 0/80       AC:  2    Str: 11    XL:     15   Next: 69%
Magic:  0/32       EV: 20    Int: 24    God:    Okawaru [******]
Gold:   2170       SH: 11    Dex: 22    Spells: 11/24 levels left

rFire    + . .     SeeInvis .   b - +2 dagger (elec)
rCold    + + +     Faith    .   t - +0 buckler
rNeg     + . .     Spirit   +   G - +2 robe of Vines {NoPotionHeal Regen+++}
rPois    .         Reflect  +   u - +1 hat {Stlth+}
rElec    .         Harm     .   (no cloak)
rCorr    .         Rampage  .   (no gloves)
Will     ++...                  O - +0 pair of boots "Feseugyrph" {rN+ Int+7}
Stlth    +++++++...             A - amulet of reflection
HPRegen  4.23/turn              v - ring of Duzxexuch {rF+ rC+++ Will+ Dex+3}
MPRegen  0.23/turn              H - ring of magical power

@: corroded, very slightly contaminated
A: fangs 3, regeneration 1, magic shield, antimagic bite, no potion heal 3
a: Renounce Religion, Heroism, Finesse


You were on level 14 of the Dungeon.
You worshipped Okawaru.
Okawaru was exalted by your worship.
You visited 3 branches of the dungeon, and saw 22 of its levels.
You also visited: Gauntlet.

You collected 2170 gold pieces.

Inventory:

Hand Weapons
 a - a +1 demon trident of venom
 b - a +2 dagger of electrocution (weapon)
Missiles
 F - 12 throwing nets
 J - 15 javelins
Armour
 t - a +0 buckler (worn)
 u - a +1 hat of stealth (worn)
 G - the +2 robe of Vines (worn) {NoPotionHeal Regen+++}
   (Okawaru gifted it to you on level 8 of the Dungeon)

   It increases your rate of regeneration.
 O - the +0 pair of boots "Feseugyrph" (worn) {rN+ Int+7}
   (Okawaru gifted it to you on level 1 of the Lair of Beasts)

   It affects your intelligence (+7).
   It protects you from negative energy.
Jewellery
 r - a +4 ring of protection
 v - the ring of Duzxexuch (left hand) {rF+ rC+++ Will+ Dex+3}
   (You found it in a Gauntlet)

   [ring of protection from fire]

   It affects your dexterity (+3).
   It protects you from fire.
   It renders you almost immune to cold.
   It affects your willpower, your defense against some magical effects.
 x - a +4 ring of evasion
 A - an amulet of reflection (around neck)
 H - a ring of magical power (right hand)
 R - a ring of poison resistance
 U - a ring of see invisible
Wands
 q - a wand of digging (12)
 w - a wand of flame (79)
 y - a wand of acid (4)
 K - a wand of charming (13)
 P - a wand of iceblast (29)
 Q - a wand of paralysis (18)
 S - a wand of polymorph (8)
Scrolls
 c - 5 scrolls of enchant weapon
 e - 3 scrolls of enchant armour
 f - 4 scrolls of blinking
 h - 5 scrolls of immolation
 i - 11 scrolls of teleportation
 l - 2 scrolls of fear
 m - 7 scrolls of amnesia
 D - 4 scrolls of magic mapping
 I - a scroll of holy word
 T - a scroll of brand weapon {unknown}
 V - a scroll of torment {unknown}
Potions
 d - 5 potions of haste
 g - 3 potions of lignification
 j - 2 potions of ambrosia {unknown}
 k - 11 potions of curing
 n - 3 potions of attraction {unknown}
 p - a potion of brilliance {unknown}
 s - a potion of berserk rage {unknown}
 z - 4 potions of invisibility {unknown}
 B - 6 potions of might
 C - 2 potions of mutation {unknown}
 E - a potion of flight {unknown}
 M - a potion of cancellation {unknown}
 N - a potion of magic {unknown}
Miscellaneous
 o - a phantom mirror
 L - a lightning rod (4/4)


   Skills:
 - Level 10.0 Fighting
 - Level 10.0 Short Blades
 + Level 6.3 Polearms
 - Level 1.0 Throwing
 - Level 10.0 Dodging
 - Level 17.3 Stealth
 - Level 4.0 Shields
 - Level 5.0 Spellcasting
 - Level 2.0 Conjurations
 - Level 3.0 Hexes
 - Level 1.0 Transmutations
 - Level 3.0 Air Magic
 - Level 7.0 Poison Magic
 - Level 5.0 Invocations
 - Level 5.0 Evocations


You had 11 spell levels left.
You knew the following spells:

 Your Spells              Type           Power      Damage    Failure   Level
m - Mephitic Cloud        Conj/Pois/Air  25%        N/A       4%          3
o - Olgreb's Toxic Radia  Pois           39%        N/A       4%          4
p - Poisonous Vapours     Pois/Air       60%        N/A       1%          2
z - Sting                 Tmut/Pois      100%       1d8       1%          1
X - Ignite Poison         Fire/Tmut/Pois 18%        N/A       9%          3

Your spell library contained the following spells:

 Spells                   Type           Power      Damage    Failure   Level
 Magic Dart               Conj           60%        1d6       3%          1
 Spider Form              Tmut/Pois      12%        N/A       4%          3
 Beastly Appendage        Tmut           20%        N/A       6%          1
 Searing Ray              Conj           30%        3d4       6%          2
 Confusing Touch          Hex            20%        N/A       8%          3
 Wereblood                Tmut           10%        N/A       9%          2
 Dazzling Flash           Conj/Hex       36%        N/A       10%         3
 Conjure Flame            Conj/Fire      10%        6-21      17%         3
 Gell's Gravitas          Tloc           3%         N/A       26%         3
 Fulminant Prism          Conj/Hex       9%         3d7       30%         4
 Iskenderun's Mystic Bla  Conj/Tloc      10%        2d4       50%         4
 Ice Form                 Ice/Tmut       8%         N/A       56%         4
 Petrify                  Tmut/Erth      8%         N/A       56%         4
 Yara's Violent Unravell  Hex/Tmut       7%         3d5       71%         5
 Metabolic Englaciation   Hex/Ice        6%         N/A       78%         5
 Blade Hands              Tmut           5%         N/A       85%         5
 Bolt of Magma            Conj/Fire/Erth 4%         4d5       88%         5
 Summon Forest            Summ/Tloc      3%         N/A       94%         5
 Spellforged Servitor     Conj/Summ      5%         N/A       100%        7


Dungeon Overview and Level Annotations

Branches:
Dungeon (15/15)            Temple (1/1) D:5            Lair (6/6) D:11
  Swamp (0/4) Lair:2       Spider (0/4) Lair:4        Slime (0/5) Lair:5
    Orc (0/2) D:10         Vaults (0/5) D:13        Gauntlet (visited)
 Depths: D:15

Altars:
Ashenzari
Cheibriados
Dithmenos
Elyvilon
Fedhas
Gozag
Hepliaklqana
Kikubaaqudgha
Nemelex Xobeh
Okawaru
Qazlal
Ru
Sif Muna
Trog
Uskayaw
Vehumet
Wu Jian
Xom
Yredelemnul
The Shining One

Shops:
D:9 [

Portals:
Abyss: D:11

Annotations:
D:11 2 transporters, mojowtm's ghost, journeyman SpHu
D:13 3 runed translucent doors, Esekla's ghost, journeyman SpDe
Lair:5 1 runed translucent door, Panli's ghost, journeyman CeAM


Innate Abilities, Weirdness & Mutations

You have razor-sharp teeth.
Your natural rate of healing is unusually fast.
When hurt, damage is shared between your health and your magic reserves.
Your bite disrupts and absorbs the magic of your enemies.
Potions cannot restore your health.


Message History

The red ugly thing seems to burn from within!
The red ugly thing is heavily wounded.
The white ugly thing seems to burn from within!
You kill the white ugly thing!
Okawaru accepts your kill.
The brown ugly thing is poisoned.
The red ugly thing is poisoned.
Your toxic aura wanes.
The brown ugly thing misses you. The green ugly thing engulfs you.
Unknown command.
You hit the green ugly thing but do no damage.
Lightning courses through the green ugly thing!!
You kill the green ugly thing!
Okawaru accepts your kill. The brown ugly thing engulfs you!
You are splashed with acid!
You barely miss the brown ugly thing.
The brown ugly thing is severely wounded.
The red ugly thing claws you.
You are engulfed in flames.
You resist.
You are too injured to fight recklessly!
You are too injured to fight recklessly!
You are too injured to fight recklessly!
You are too injured to fight recklessly!
You are too injured to fight recklessly!
You are too injured to fight recklessly!
You are too injured to fight recklessly!
You are too injured to fight recklessly!
You are too injured to fight recklessly!
You are too injured to fight recklessly!
You are too injured to fight recklessly!
You hit the brown ugly thing.
Lightning courses through the brown ugly thing!
You bite the brown ugly thing, but do no damage.
The brown ugly thing is almost dead.
The brown ugly thing engulfs you!
You are splashed with acid!
* * * LOW HITPOINT WARNING * * *
You hit the red ugly thing. Your bite misses the red ugly thing.
The red ugly thing is heavily wounded.
The red ugly thing claws you!
* * * LOW HITPOINT WARNING * * *
You are engulfed in flames!
You resist.
You die...

......##.........# ##.#......#
......##.........###..#......#
.................#...##.[....#
.......#.........#.####......#
......##.........#.# #......#
......##.........'.# #......#
......##.........### #......#
########.......u†# #......#
#.......u@# #......#
########### ########


You could see 2 ugly things.

Vanquished Creatures
  Gastronok (D:8)
  A dire elephant (Lair:3)
  8 hydras
  Harold (D:7)
  2 catoblepae
  12 death yaks
  2 two-headed ogres (D:12)
  4 centaur warriors
  A queen ant (Gauntlet)
  A deep troll shaman (Lair:6)
  A fire crab (shapeshifter) (D:13)
  A soul eater (Gauntlet)
  Nergalle (Lair:3)
  An unseen horror (D:10)
  2 bog bodies (Lair:2)
  Pikel (D:6)
  A harpy (shapeshifter) (D:13)
  5 ugly things
  2 cyclopes
  Joseph (D:7)
  28 elephants
  A worldbinder (Gauntlet)
  A black mamba (Lair:2)
  13 cane toads
  A gargoyle (D:13)
  A torpor snail (Lair:6)
  A kobold demonologist (D:13)
  2 rime drakes
  11 komodo dragons
  A tengu conjurer (D:14)
  2 polar bears
  A troll (shapeshifter) (D:13)
  6 jumping spiders (Lair:4)
  2 hornets
  3 meliai (D:15)
  A queen bee (Gauntlet)
  Grinder (D:3)
  8 trolls
  Prince Ribbit (D:8)
  9 blink frogs
  13 slime creatures
  6 dream sheep (Lair:6)
  2 redbacks (Lair:4)
  A spriggan (Lair:3)
  Sigmund (D:3)
  2 shadows (D:12)
  A vampire (D:8)
  3 wraiths
  39 yaks
  7 wyverns
  A human (shapeshifter) (D:14)
  Grum (D:8)
  8 basilisks
  2 steam dragons
  5 vampire mosquitoes
  3 soldier ants (Gauntlet)
  23 water moccasins
  An acid dragon (D:14)
  2 ice beasts
  3 orc warriors
  A black bear (Lair:6)
  A sky beast (D:8)
  2 eyes of draining (D:13)
  10 ogres
  A necrophage (D:7)
  17 wolves
  2 boggarts (Gauntlet)
  18 centaurs
  6 phantoms
  2 kobold brigands
  11 bullfrogs
  3 gnoll sergeants (D:9)
  A wyvern zombie (D:14)
  3 scorpions
  14 killer bees
  7 wights
  5 howler monkeys
  A centaur zombie (D:6)
  3 bullfrog zombies
  3 human zombies (D:7)
  7 jellies
  8 hounds
  3 centaur skeletons
  An iron imp (D:8)
  8 orc priests
  2 gnoll shamans
  2 human skeletons (D:7)
  5 iguanas
  9 orc wizards
  13 worker ants
  An ogre skeleton (D:7)
  A hound skeleton (D:7)
  A mummy (D:7)
  A worker ant zombie (D:6)
  24 gnolls
  5 adders
  4 shadow imps (Gauntlet)
  4 white imps
  3 ufetubi
  2 oozes
  2 worms
  2 adder skeletons
  3 dart slugs
  4 leopard geckos
  50 orcs
  10 bats
  4 giant cockroaches
  7 goblins
  6 hobgoblins
  24 jackals
  8 quokkas
  3 ball pythons
  5 frilled lizards
  A jackal skeleton (D:8)
  2 jackal zombies
  23 kobolds
  3 leopard gecko skeletons
  A leopard gecko zombie (D:5)
  9 rats
649 creatures vanquished.

Vanquished Creatures (others)
  A killer bee (D:10)
  111 fungi
  105 plants
217 creatures vanquished.

Grand Total: 866 creatures vanquished

Notes
Turn   | Place    | Note
-------+----------+-------------------------------------------
     0 | D:1      | sahdkjhfkaj the Vine Stalker Venom Mage began the quest for
                  | the Orb.
     0 | D:1      | Reached XP level 1. HP: 9/9 MP: 4/4
   306 | D:1      | Reached skill level 1 in Air Magic
   389 | D:1      | Reached XP level 2. HP: 8/13 MP: 0/6
   447 | D:1      | Learned a level 2 spell: Poisonous Vapours
  1094 | D:1      | Reached XP level 3. HP: 12/16 MP: 0/7
  2043 | D:2      | Found a stormy altar of Qazlal.
  2485 | D:2      | Gained mutation: Your natural rate of healing is unusually
                  | fast. [Vine Stalker growth]
  2485 | D:2      | Reached XP level 4. HP: 21/21 MP: 1/8
  3688 | D:3      | Noticed Grinder
  3694 | D:3      | Learned a level 3 spell: Mephitic Cloud
  3912 | D:4      | Reached skill level 3 in Stealth
  4093 | D:4      | Reached XP level 5. HP: 24/24 MP: 10/10
  4124 | D:4      | Reached skill level 4 in Stealth
  4380 | D:4      | Reached skill level 5 in Stealth
  4550 | D:4      | Found Jimu's Antique Armour Boutique.
  4605 | D:4      | Reached skill level 1 in Fighting
  4691 | D:4      | Noticed an ogre
  4696 | D:4      | Killed an ogre
  4697 | D:4      | Reached skill level 1 in Short Blades
  4697 | D:4      | Reached XP level 6. HP: 30/30 MP: 7/11
  5235 | D:4      | Found a sparkling altar of Nemelex Xobeh.
  5235 | D:4      | Found a hide-covered altar of Uskayaw.
  5456 | D:4      | Reached skill level 1 in Evocations
  5456 | D:4      | Reached XP level 7. HP: 5/35 MP: 1/12
  5678 | D:4      | Reached skill level 6 in Stealth
  5826 | D:5      | Entered Level 5 of the Dungeon
  6088 | D:5      | Found a staircase to the Ecumenical Temple.
  6124 | D:5      | Identified the +8 falchion "Kurouqeu" {venom, rN+}
  6144 | Temple   | Entered the Ecumenical Temple
  6203 | Temple   | Became a worshipper of Warmaster Okawaru
  6302 | D:5      | Reached skill level 7 in Stealth
  6609 | D:5      | Reached skill level 1 in Invocations
  7140 | D:6      | Reached * piety under Okawaru
  7141 | D:6      | Reached skill level 8 in Stealth
  7141 | D:6      | Gained mutation: You have razor-sharp teeth. [Vine Stalker
                  | growth]
  7141 | D:6      | Reached XP level 8. HP: 32/39 MP: 0/13
  7470 | D:6      | Reached skill level 5 in Fighting
  7534 | D:6      | Reached ** piety under Okawaru
  7535 | D:6      | Reached skill level 1 in Conjurations
  7859 | D:6      | Noticed Pikel
  7865 | D:6      | Killed Pikel
  7866 | D:6      | Reached skill level 9 in Stealth
  7866 | D:6      | Reached XP level 9. HP: 47/47 MP: 4/14
  7976 | D:6      | Reached skill level 10 in Stealth
  8131 | D:6      | Noticed a cyclops
  8137 | D:6      | Learned a level 3 spell: Ignite Poison
  8153 | D:6      | Killed a cyclops
  8772 | D:7      | Reached skill level 1 in Throwing
  9144 | D:7      | Noticed Harold
  9356 | D:7      | Killed Harold
  9356 | D:7      | Reached *** piety under Okawaru
  9356 | D:7      | Reached **** piety under Okawaru
  9357 | D:7      | Reached skill level 12 in Stealth
  9357 | D:7      | Reached XP level 10. HP: 44/53 MP: 0/15
  9786 | D:7      | Noticed Joseph
  9798 | D:7      | Killed Joseph
 10246 | D:7      | Reached skill level 5 in Short Blades
 10251 | D:7      | Found a basalt altar of Yredelemnul.
 10495 | D:8      | Identified Roxkauh's Catalogue of the Creative Blaze
 10712 | D:8      | Noticed Prince Ribbit
 10718 | D:8      | Killed Prince Ribbit
 10882 | D:8      | Found a snail-covered altar of Cheibriados.
 10931 | D:8      | Noticed Grum
 10945 | D:8      | Killed Grum
 11238 | D:8      | Noticed Gastronok
 11247 | D:8      | Killed Gastronok
 11247 | D:8      | Reached ***** piety under Okawaru
 11248 | D:8      | Reached skill level 5 in Spellcasting
 11248 | D:8      | Reached XP level 11. HP: 58/58 MP: 3/19
 11353 | D:8      | Found a blossoming altar of Fedhas.
 11460 | D:8      | Identified the +3 quarterstaff of Higafionne {vorpal, Will-
                  | Str+3 Int+2}
 12018 | D:9      | Received a gift from Okawaru
 12698 | D:8      | Received a gift from Okawaru
 12699 | D:8      | Found the +2 robe of Vines {NoPotionHeal Regen+++}
 13432 | D:8      | Learned a level 4 spell: Olgreb's Toxic Radiance
 13644 | D:9      | Found Lyral's Armour Shop.
 13691 | D:9      | Noticed a cyclops
 13717 | D:9      | Killed a cyclops
 14075 | D:9      | Found an opulent altar of Gozag.
 14429 | D:10     | Entered Level 10 of the Dungeon
 14436 | D:10     | Found a stormy altar of Qazlal.
 14607 | D:10     | Found a staircase to the Orcish Mines.
 15053 | D:10     | Killed an unseen horror
 15501 | D:11     | Found a transporter.
 15509 | D:11     | Found a transporter.
 15982 | D:3      | Noticed Sigmund
 15996 | D:3      | Killed Sigmund
 16521 | D:3      | Killed Grinder
 16938 | D:11     | Reached skill level 5 in Poison Magic
 17137 | D:11     | Found a staircase to the Lair.
 17143 | D:11     | Reached XP level 12. HP: 49/64 MP: 7/20
 17285 | D:11     | Found a bloodstained altar of Trog.
 17471 | D:11     | Reached skill level 13 in Stealth
 17488 | D:11     | Found a blossoming altar of Fedhas.
 17602 | D:11     | Noticed a hell hog
 17616 | D:11     | Found a one-way gate to the infinite horrors of the Abyss.
 17631 | D:11     | Noticed mojowtm's ghost (journeyman SpHu)
 17786 | Lair:1   | Entered Level 1 of the Lair of Beasts
 18288 | Lair:1   | Identified the +0 pair of boots "Feseugyrph" {rN+ Int+7}
                  | (Okawaru gifted it to you on level 1 of the Lair of Beasts)
 18288 | Lair:1   | Received a gift from Okawaru
 18821 | Lair:1   | Identified the +2 robe "Momos" {-Tele rC+ Str+2}
 19121 | Lair:2   | Reached skill level 10 in Short Blades
 19175 | Lair:2   | Found a staircase to the Swamp.
 19941 | Lair:3   | Noticed a seven-headed hydra
 19999 | Lair:3   | Reached skill level 5 in Dodging
 20000 | Lair:3   | Noticed a four-headed hydra
 20031 | Lair:3   | Killed a seven-headed hydra
 20044 | Lair:3   | Killed a four-headed hydra
 20167 | Lair:3   | Noticed Nergalle
 20170 | Lair:3   | Noticed an eight-headed hydra
 20202 | Lair:3   | Killed an eight-headed hydra
 20203 | Lair:3   | Reached XP level 13. HP: 27/70 MP: 1/21
 20378 | Lair:3   | Killed Nergalle
 20447 | Lair:3   | Reached skill level 14 in Stealth
 20522 | Lair:3   | Noticed a dire elephant
 20534 | Lair:3   | Killed a dire elephant
 20538 | Lair:3   | Reached ****** piety under Okawaru
 20539 | Lair:3   | Reached skill level 10 in Fighting
 20561 | Lair:3   | Received a gift from Okawaru
 21838 | Lair:4   | Reached skill level 1 in Shields
 22017 | Lair:4   | Found a hole to the Spider Nest.
 22967 | Lair:4   | Received a gift from Okawaru
 23226 | Lair:4   | Reached skill level 15 in Stealth
 23226 | Lair:4   | Reached XP level 14. HP: 68/77 MP: 22/22
 23657 | Lair:5   | Found a runed translucent door.
 23712 | Lair:5   | Reached skill level 16 in Stealth
 23846 | Lair:5   | Noticed Panli's ghost (journeyman CeAM)
 23877 | Lair:5   | Identified the +10 trident of Incongruity {drain, rPois
                  | Will+ Dex+2}
 24037 | Lair:5   | Reached skill level 5 in Evocations
 24317 | Lair:5   | Found a staircase to the Slime Pits.
 24720 | Lair:6   | Entered Level 6 of the Lair of Beasts
 24964 | Lair:6   | Received a gift from Okawaru
 25334 | Lair:6   | Received a gift from Okawaru
 25464 | Lair:6   | Identified a scroll of acquirement
 25494 | Lair:6   | Acquired 591 gold pieces
 25505 | Lair:6   | Reached skill level 17 in Stealth
 26512 | D:12     | Reached XP level 15. HP: 80/80 MP: 23/23
 26902 | D:12     | Reached skill level 5 in Invocations
 27139 | D:12     | Received a gift from Okawaru
 27406 | D:13     | Found a runed translucent gate.
 27407 | D:13     | Found a runed translucent gate.
 27407 | D:13     | Found a runed translucent gate.
 27421 | D:13     | Noticed Esekla's ghost (journeyman SpDe)
 27580 | D:13     | Found a gate to the Vaults.
 27698 | D:13     | Reached skill level 10 in Dodging
 27703 | D:13     | Reached skill level 1 in Polearms
 27756 | D:13     | Received a gift from Okawaru
 28198 | D:13     | Identified the +6 scale mail "Kerecs" {rElec rF+ rC+++
                  | Int-2}
 28611 | D:14     | Found a gate leading to a gauntlet.
 28623 | Gauntlet | Entered a Gauntlet
 28623 | Gauntlet | Found a transporter.
 28623 | Gauntlet | Found a transporter.
 28668 | Gauntlet | Found a transporter.
 28683 | Gauntlet | Found a transporter.
 28695 | Gauntlet | Found a transporter.
 28703 | Gauntlet | Found a transporter.
 28720 | Gauntlet | Found a transporter.
 28728 | Gauntlet | Found a transporter.
 28745 | Gauntlet | Found a transporter.
 28782 | Gauntlet | Found a transporter.
 28786 | Gauntlet | Found a transporter.
 28796 | Gauntlet | Found a transporter.
 29045 | Gauntlet | Identified the ring of Duzxexuch {rF+ rC+++ Will+ Dex+3}
 29129 | Gauntlet | Identified the +5 mace of Brutal Revenge {pain, *Drain
                  | Int+3 Dex+9 Stlth+}
 29129 | Gauntlet | Identified the amulet "Fitworph" {rPois Regen+ Str+5 Int+4}
 29470 | D:14     | Found a sacrificial altar of Ru.
 29476 | D:14     | Reached skill level 5 in Polearms
 29849 | D:15     | Entered Level 15 of the Dungeon
 29866 | D:14     | Slain by a red ugly thing

Illustrated notes

Levels and vault maps discovered:
D:1:      lightli_arrival_noodles, layout_basic
D:2:      layout_basic, grunt_qazlal_sundering
D:3:      layout_basic, uniq_grinder, uniq_sigmund
D:4:      layout_loops_ring, gammafunk_temple_overflow_elements,
          enter_ossuary_5, serial_shops, shop, roderic_lattice_a, st_stairs_13
D:5:      layout_basic, temple_doors_e
D:6:      minmay_cornered_nines, layout_rooms, uniq_menkaure, uniq_pikel
D:7:      layout_rooms, lemuel_mausoleum_altar_yredelemnul, uniq_harold,
          uniq_joseph
D:8:      layout_loops_corners, slow_altar_1, lemuel_round_altar,
          uniq_prince_ribbit1, uniq_grum, uniq_gastronok
D:9:      layout_cave_pools, grunt_gozag_statues, serial_gnoll_camp,
          gnoll_camp_mini_house, gnoll_camp_medium_02, gnoll_camp_mini_house,
          gnoll_camp_mini_shop, gnoll_camp_mini_basic
D:10:     kennysheep_six_static_rooms, layout_basic, amcnicky_altar_gilded
D:11:     layout_irregular_city, minmay_lair_entry_grove,
          gammafunk_ghost_abyssal_escape, basic_altar, fedhas_altar_3
D:12:     layout_small_grid
D:13:     layout_irregular_city, david_vaults_2, gammafunk_ghost_split
D:14:     layout_roguey, gauntlet_entry_generic, nicolae_ru_awakened_eye
D:15:     grunt_enter_depths_giant_problem, layout_cross, minmay_misc_feat_doors
Temple:   regret_index_temple_waves
Lair:1:   layout_chaotic_city
Lair:2:   layout_small_grid, skrybe_swamp_entry_bodies, beast_lair_carwin_10,
          serial_bayou_shore_b
Lair:3:   mu_elephants_graveyard, layout_loops_ring, uniq_nergalle
Lair:4:   layout_cave_pods, nicolae_spider_entry_tight_spaces,
          lemuel_fruit_tree, grunt_megastairs_2
Lair:5:   beast_lair_carwin_large_2, layout_cave_pods, slime_dummy,
          ebering_ghost_funeral_grove, patterned_corridor
Lair:6:   grunt_lair_end_beastmaster, layout_gridlike

Skill      XL: |  1  2  3  4  5  6  7  8  9 10 11 12 13 14 15 |
---------------+----------------------------------------------+-----
Air Magic      | 1 2 3 |  3.0
Poison Magic   | 4 5 7 |  7.0
Spellcasting   | 3 5 |  5.0
Stealth        | 3 5 8 9 12 13 15 17 | 17.3
Fighting       | 1 2 5 6 7 8 9 10 | 10.0
Short Blades   | 1 2 6 9 10 | 10.0
Evocations     | 1 2 4 5 |  5.0
Invocations    | 1 3 5 |  5.0
Conjurations   | 2 |  2.0
Dodging        | 2 3 5 7 9 10 | 10.0
Throwing       | 1 |  1.0
Hexes          | 3 |  3.0
Shields        | 3 4 |  4.0
Polearms       | 6 |  6.3
Transmutations | |  1.0

Action                   |  1- 3 |  4- 6 |  7- 9 | 10-12 | 13-15 || total
-------------------------+-------+-------+-------+-------+-------++-------
Melee: Unarmed           |     6 |     4 |       |       |       ||    10
       Long sword        |       |    18 |     6 |       |       ||    24
       Bite              |       |     9 |    20 |   179 |   414 ||   622
       Falchion          |       |       |    58 |    73 |       ||   131
       Dagger            |       |       |       |   487 |  1002 ||  1489
       Demon trident     |       |       |       |     4 |       ||     4
 Cast: Sting             |    28 |     1 |    11 |       |       ||    40
       Poisonous Vapours |    44 |    83 |   120 |   243 |   102 ||   592
       Ignite Poison     |       |       |     2 |    29 |    63 ||    94
       Olgreb's Toxic Ra |       |       |       |     7 |    46 ||    53
  Use: Scroll            |       |       |     3 |    12 |     7 ||    22
       Potion            |       |       |     1 |       |       ||     1
 Stab: Sleeping          |       |       |     3 |    24 |    23 ||    50
       Distracted        |       |       |       |     3 |     3 ||     6
       Petrified         |       |       |       |       |     1 ||     1
Armor: Robe              |    12 |     5 |    38 |   185 |   120 ||   360
Dodge: Dodged            |    41 |    25 |    74 |   357 |   448 ||   945
Block: Other             |       |       |       |   107 |    37 ||   144
       Reflection        |       |       |       |     6 |    10 ||    16
       Buckler           |       |       |       |       |   319 ||   319
       Rpst.: Long sword |       |     6 |     1 |       |       ||     7
       Falchion          |       |       |    18 |    12 |       ||    30

Table legend: (Time is in decaauts)
 A = Elapsed time spent in this place.
 B = Non-inter-level travel time spent in this place.
 C = Inter-level travel time spent in this place.
 D = Time resting spent in this place.
 E = Time spent auto-exploring this place.
 F = Levels seen in this place.
 G = Mean time per level.
                   A        B        C        D        E       F      G
               +--------+--------+--------+--------+--------+-----+--------+
         Total |  29237 |  27742 |   1495 |    214 |  23175 |  23 | 1271.2 |
       Dungeon |  20480 |  19337 |   1143 |    114 |  16343 |  15 | 1365.3 |
        Temple |    123 |     63 |     60 |      0 |     17 |   1 |  123.0 |
          Lair |   8098 |   7808 |    290 |     42 |   6511 |   6 | 1349.7 |
      Gauntlet |    535 |    535 |      0 |     58 |    304 |   1 |  535.0 |
               +--------+--------+--------+--------+--------+-----+--------+

Top non-repeatable levels by time:
     D:8: 2851 daAuts
     D:6: 2101 daAuts
     D:4: 2091 daAuts
     D:1: 1855 daAuts
  Lair:4: 1696 daAuts
     D:2: 1654 daAuts
  Lair:5: 1433 daAuts
  Lair:3: 1418 daAuts
  Lair:2: 1414 daAuts
     D:5: 1330 daAuts
  Lair:6: 1306 daAuts
     D:3: 1267 daAuts
     D:7: 1214 daAuts
    D:10: 1189 daAuts
     D:9: 1158 daAuts
